 Dungeon Crawl Stone Soup version 0.32-a0-132-g2d33c3cfaf (webtiles) character file.

Game seed: 8300958467301603204

38 PriceMaster the Apothecary (level 3, -1/21 HPs)
             Began as an Octopode Alchemist on Feb 9, 2024.
             Frozen to death by an endoplasm (3 damage)
             ... on level 2 of the Dungeon.
             The game lasted 00:02:20 (999 turns).

PriceMaster the Apothecary (Octopode Alchemist)      Turns: 999, Time: 00:02:22

Health: -1/21      AC:  1    Str:  7    XL:     3   Next: 43%
Magic:  0/6        EV: 13    Int: 19    God:
Gold:   16         SH:  0    Dex: 12    Spells: 1/7 levels left

rFire   . . .        c - +0 dagger
rCold   . . .        (no shield)
rNeg    . . .        (helmet restricted)
rPois   .            (no amulet)
rElec   .            (no ring)
rCorr   .            (no ring)
SInv    .            (no ring)
Will    .....        (no ring)
Stlth   +++          (no ring)
HPRegen 0.23/turn    (no ring)
MPRegen 0.10/turn    (no ring)
                     (no ring)

%: no passive effects
@: lethally poisoned (-1 -> -3), weak-willed
A: almost no armour, amphibious, 8 rings, camouflage 1, gelatinous body 1,
(nimble swimmer 1), tentacles
a: no special abilities


You were on level 2 of the Dungeon.
You visited 1 branch of the dungeon, and saw 2 of its levels.

You collected 16 gold pieces.

Inventory:

Hand Weapons
 c - a +0 dagger (weapon)
Talismans
 b - a flux talisman
Scrolls
 e - a scroll of amnesia


   Skills:
 + Level 2.2 Dodging
 + Level 2.9 Stealth
 + Level 2.5 Spellcasting
 + Level 1.1 Conjurations
 + Level 0.3 Air Magic
 + Level 4.0 Alchemy


You had one spell level left.
You knew the following spells:

 Your Spells              Type           Power      Damage    Failure   Level
a - Sting                 Conj/Alch      48%        1d6       5%          1
b - Mercury Vapours       Alch/Air       20%        N/A       10%         2
c - Mephitic Cloud        Conj/Alch/Air  9%         N/A       22%         3

Your spell library contained the following spells:

 Spells                   Type           Power      Damage    Failure   Level
 Olgreb's Toxic Radiance  Alch           17%        N/A       30%         4
 Sticky Flame             Fire/Alch      9%         2d5       56%         4


Dungeon Overview and Level Annotations

Branches:
Dungeon (2/15)

Altars:


Innate Abilities, Weirdness & Mutations

You cannot wear most types of armour.
You are amphibious.
You can wear up to eight rings at the same time.
Your skin changes colour to match your surroundings (Stealth+).
Your rubbery body absorbs attacks. (AC +1, EV +1)
((You are camouflaged when in or above water. (Stealth+)))
You have tentacles for arms and can constrict up to eight enemies at once.


Message History

Aim: an adder (heavily wounded, poisoned, 53% to hit)
The sting hits the adder.
The adder looks even sicker.
The adder is almost dead.
The adder attacks as it pursues you! The adder bites you.
You are poisoned.
The adder poisons you! The adder closely misses you.
You barely miss the adder. Your grab misses the adder.
The adder is severely wounded.
You feel sick. The bat misses you. The adder bites you.
You are more poisoned.
The adder poisons you!
You hit the adder. You grab the adder. You squeeze the adder.
The adder is almost dead.
You constrict the adder.
You kill the adder!
You feel sick. The bat closely misses you.
Your Alchemy skill increases to level 4!
Unknown command.
You aren't carrying any potions.
You aren't carrying any potions.
As you read the scroll labelled KOINAE ROAMOTAF, it crumbles to dust.
A wave of despondency washes over your surroundings.
It was a scroll of vulnerability.
* * * LOW HITPOINT WARNING * * *
You feel sick. The bat barely misses you.
As you read the scroll labelled HOKALE ZOIW, it crumbles to dust.
It is a scroll of identify.
e - a scroll of amnesia
* * * LOW HITPOINT WARNING * * *
You feel sick. The bat hits you.
* * * LOW HITPOINT WARNING * * *
The endoplasm barely misses you.
You aren't carrying any potions.
You hit the endoplasm.
The endoplasm is lightly wounded.
* * * LOW HITPOINT WARNING * * *
You feel sick. The bat barely misses you. The endoplasm freezes you.
You are frozen.
You die...

....###.. .# ....?...#
.# ......... ..
.....>..# .# ........###
.# .....$.....## ###.#
....):..##..###b..######
.......<###....J@..l.<..
##..........############
#........### #........#
#....[...# #....$...#
##########


You could see an endoplasm (weak-willed), a bat (weak-willed) and a frilled
lizard (weak-willed).

Vanquished Creatures
  An adder (D:2)
  A dart slug (D:1)
  2 endoplasms (D:1)
  4 goblins (D:1)
  A hobgoblin (D:1)
  5 jackals (D:1)
  A quokka (D:1)
  3 ball pythons (D:1)
  2 bats (D:1)
  2 frilled lizards (D:1)
  A kobold (D:2)
  A rat (D:1)
24 creatures vanquished.

Notes
Turn   | Place    | Note
-------+----------+-------------------------------------------
     0 | D:1      | PriceMaster the Octopode Alchemist began the quest for the
                  | Orb.
     0 | D:1      | Reached XP level 1. HP: 11/11 MP: 3/3
   271 | D:1      | Reached XP level 2. HP: 17/17 MP: 3/5
   320 | D:1      | Learned a level 2 spell: Mercury Vapours
   589 | D:1      | Reached XP level 3. HP: 21/21 MP: 6/6
   593 | D:1      | Learned a level 3 spell: Mephitic Cloud
   997 | D:2      | Reached skill level 4 in Alchemy
   999 | D:2      | Frozen to death by an endoplasm

Illustrated notes

Levels and vault maps discovered:
D:1:      sevenhm_arrival_forest_fort_small_4, layout_basic
D:2:      layout_rooms, serial_shops, shop, minmay_randomly_rotated_circles,
          uniq_crazy_yiuf_cottage

Skill      XL: |  1  2  3 |
---------------+----------+-----
Alchemy        | 4 |  4.0
Dodging        | |  2.2
Stealth        | |  2.9
Spellcasting   | |  2.5
Conjurations   | |  1.1
Air Magic      | |  0.3

Action                     || total
---------------------------++-------
  Melee: Unarmed           ||     6
         Constrict         ||     5
         Dagger            ||     5
         Tentacles         ||     1
   Cast: Sting             ||    32
         Mercury Vapours   ||     6
         Mephitic Cloud    ||     2
    Use: Potion            ||     1
         Scroll            ||     2
   Stab: Sleeping          ||     1
 Armour: Skin              ||    17
  Dodge: Dodged            ||    23

Table legend: (Time is in decaauts)
 A = Elapsed time spent in this place.
 B = Non-inter-level travel time spent in this place.
 C = Inter-level travel time spent in this place.
 D = Time resting spent in this place.
 E = Time spent auto-exploring this place.
 F = Levels seen in this place.
 G = Mean time per level.
                   A        B        C        D        E       F      G
               +--------+--------+--------+--------+--------+-----+--------+
         Total |    998 |    977 |     21 |     22 |    775 |   2 |  499.0 |
       Dungeon |    998 |    977 |     21 |     22 |    775 |   2 |  499.0 |
               +--------+--------+--------+--------+--------+-----+--------+

Top non-repeatable levels by time:
     D:1: 980 daAuts
     D:2: 17 daAuts
